AoeStats
← DXT

Arabia

510302156Analyzed
1v1 RM · 2d ago on Sep 30, 2026· 109m 53s· 2 players
Game mode
Random Map
Map size
Tiny (2 player)
Population
200
Speed
Normal
Resources
Standard
Victory
Conquest
Starting age
Dark Age
Ending age
Imperial Age
RankedLock teamsTeams togetherTeam positionsShared explorationLock speedFull tech treeHidden civsTurbo modeCheats
Victory
Defeat
🇨🇳 Georgians · China
551
+15
🇧🇷 Romans · Brazil
526
-15
Med
2:46 Loom
3:17 Loom
11:05 Feudal Age
12:40 Double-Bit Axe
15:22 Horse Collar
17:11 Town Watch
17:31 Gold Mining
17:41 Stone Mining
23:55 Castle Age
23:22 Bloodlines
23:15 Fletching
23:27 Padded Archer Armor
23:42 Scale Barding Armor
24:29 Pikeman
25:09 Squires
24:34 Crossbowman
29:05 Light Cavalry
34:23 Wheelbarrow
42:33 Imperial Age
40:44 Forging
41:37 Masonry
41:23 Murder Holes
44:25 Conscription
46:00 Hand Cart
45:52 Husbandry
47:30 Chemistry
51:27 Fortified Wall
51:51 Comitatenses
51:06 Cavalier
52:26 Bow Saw
54:04 Heavy Scorpion
59:19 Ballistas
70:24 Ballistics
DXT
12:06 Feudal Age
12:20 Loom
13:28 Horse Collar
21:00 Castle Age
19:08 Double-Bit Axe
20:43 Gold Mining
22:15 Pikeman
24:20 Bloodlines
24:42 Bow Saw
24:23 Elite Skirmisher
25:13 Husbandry
26:32 Scale Barding Armor
26:37 Forging
28:58 Fletching
30:07 Chain Barding Armor
29:43 Bodkin Arrow
29:49 Padded Archer Armor
30:29 Scale Mail Armor
35:49 Iron Casting
36:25 Leather Archer Armor
42:50 Imperial Age
40:40 Chain Mail Armor
43:19 Stone Mining
43:31 Halberdier
45:10 Wheelbarrow
45:00 Guard Tower
45:36 Arrowslits
48:49 Keep
49:28 Hand Cart
51:43 Heavy Plow
52:56 Plate Barding Armor
53:22 Blast Furnace
52:23 Bracer
51:55 Elite Monaspa
53:03 Ballistics
54:18 Blast Furnace
53:57 Conscription
56:12 Chemistry
60:18 Plate Mail Armor
60:20 Svan Towers
68:20 Crop Rotation
82:43 Town Watch
88:40 Light Cavalry
89:22 Hussar
91:12 Herbal Medicine
98:19 Hoardings
Connection lost

Rejoining the realm…

Still unreachable

The connection could not be restored.

Session expired

The server has moved on; the page needs a fresh start.